cohdb
Replays
Latest Replays
All Replays
Popular Replays
Top Player Replays
Match Explorer
How It Works
Community
CoH3 Stats
Reddit
Sign in to upload your games and track your stats! →
Sign in with Steam
Match 39355054
Unlisted
Match 39355054
Overview
Messages
Build Orders
End
Construct Section Command Post
Vickers Machine Gun Team
Selects Indian Artillery Battlegroup
Infantry Section
Infantry Section
Selects Towed ML 4.2-inch Heavy Mortar
Towed ML 4.2-inch Heavy Mortar
Construct Platoon Command Post
Humber Armored Car
Infantry Section
Infantry Training
le12ro-Olivier
BloodSpark
Cons01
Burnaby
BringDaRakuS
magazinwastaken
nicolasgps
Vanguard
0
0
Comments
sign in to comment!
No comments posted yet!